 Dungeon Crawl Stone Soup version 0.19-a0-1035-gdbfb0c6 (webtiles) character file.

12540 mrath the Destroyer (level 11, -8/94 HPs)
             Began as a Mottled Draconian Conjurer on July 29, 2016.
             Was an Elder of Vehumet.
             Mangled by an eight-headed hydra (12 damage)
             ... on level 2 of the Lair of Beasts on July 30, 2016.
             The game lasted 02:02:44 (20978 turns).

mrath the Destroyer (Mottled Draconian Conjurer)   Turns: 20978, Time: 02:02:45

Health: -8/94      AC:  9    Str: 10    XL:     11   Next: 63%
Magic:  20/23      EV: 15    Int: 20    God:    Vehumet [****..]
Gold:   643        SH:  0    Dex: 11    Spells: 4 memorised, 16 levels left

rFire  . . .     SeeInvis .     L - +6 flail (venom)
rCold  . . .     Gourm    .     (armour unavailable)
rNeg   + . .     Faith    .     (no shield)
rPois  +         Spirit   .     (helmet restricted)
rElec  .         Dismiss  .     n - +1 cloak
rCorr  .         Reflect  .     (no gloves)
SustAt .         Harm     .     (no boots)
MR     .....                    (no amulet)
Stlth  +++.......               l - ring of poison resistance
                                u - ring of positive energy

@: short of breath, not resistant to hostile enchantments, fairly stealthy
A: breathe sticky flame splash, unfitting armour, cold-blooded, AC +7
a: Breathe Sticky Flame, Renounce Religion


You were on level 2 of the Lair of Beasts.
You worshipped Vehumet.
Vehumet was greatly pleased with you.
You were hungry.

You visited 3 branches of the dungeon, and saw 12 of its levels.

You collected 643 gold pieces.

Inventory:

Hand Weapons
 k - the cursed +0 great mace of Chagrin {freeze, +Rage Int+4, unknown}
   (You found it on level 1 of the Lair of Beasts)

   It has been specially enchanted to freeze those struck by it, causing extra
   injury to most foes and up to half again as much damage against particularly
   susceptible opponents.
   It can also slow down cold-blooded creatures.
   It affects your intelligence (+4).
   It lets you go berserk.
   It has a curse placed upon it.
 p - the +10 flail of Abuse {antimagic, rPois SInv Stlth+}
   (You found it on level 8 of the Dungeon)

   It reduces the magical energy of the wielder, and disrupts the spells and
   magical abilities of those hit.
   Natural abilities and divine invocations are not affected.
   It protects you from poison.
   It lets you see invisible.
   It makes you more stealthy.
 q - a +3 short sword of draining
 t - a +0 flail of holy wrath
 y - a +2 short sword of electrocution
 K - a +2 hand axe of freezing
 L - a +6 flail of venom (weapon)
 V - a +0 blowgun
Missiles
 i - 5 poisoned javelins (quivered)
 E - 30 poisoned needles
 G - 11 tomahawks
 Q - 3 javelins
 S - 2 curare-tipped needles
Armour
 n - a +1 cloak (worn)
Magical Staves
 Y - an uncursed staff of fire
Jewellery
 d - an uncursed ring of resist corrosion
 l - a ring of poison resistance (right hand)
 u - a ring of positive energy (left hand)
 F - an uncursed ring of ice
 X - an uncursed ring of protection from cold
Wands
 z - a wand of acid (8/15)
 I - a wand of digging (13/24)
 P - a wand of disintegration (10/24)
Scrolls
 e - 6 scrolls of remove curse
 f - 7 scrolls of identify
 m - a scroll of enchant weapon
 s - 2 scrolls of enchant armour
 A - 4 scrolls of magic mapping
 B - a scroll of fog
 D - a scroll of noise {unknown}
 M - 2 scrolls of immolation {unknown}
 R - a scroll of random uselessness {unknown}
 T - 5 scrolls of teleportation
 U - a scroll of blinking {unknown}
Potions
 c - 3 potions of curing
 g - a potion of magic {unknown}
 h - 3 potions of lignification
 r - a potion of degeneration {unknown}
 v - 3 potions of might
 w - 2 potions of brilliance
 C - 4 potions of heal wounds
 J - 2 potions of flight
 Z - a potion of berserk rage {unknown}
Books
 a - a book of Conjurations

   Spells                             Type                      Level
   a - Magic Dart                     Conjuration                  1
   b - Searing Ray                    Conjuration                  2
   c - Dazzling Spray                 Conjuration/Hexes            3
   d - Fulminant Prism                Conjuration/Hexes            4
   e - Iskenderun's Mystic Blast      Conjuration                  4
   f - Iskenderun's Battlesphere      Conjuration/Charms           5
 N - a book of Maledictions

   Spells                             Type                      Level
   a - Corona                         Hexes                        1
   b - Ensorcelled Hibernation        Hexes/Ice                    2
   c - Confuse                        Hexes                        3
   d - Tukima's Dance                 Hexes                        3
   e - Dazzling Spray                 Conjuration/Hexes            3
Comestibles
 b - 5 bread rations
 j - 6 meat rations
 o - 2 fruits
 x - 5 chunks of flesh
 H - a beef jerky


   Skills:
 + Level 7.8 Fighting
 + Level 7.0 Dodging
 + Level 7.2 Stealth
 + Level 8.4 Spellcasting
 + Level 9.2 Conjurations
 + Level 7.2 Evocations


You had 16 spell levels left.
You knew the following spells:

 Your Spells              Type           Power        Failure   Level  Hunger
a - Magic Dart            Conj           ####         1%          1    None
b - Searing Ray           Conj           #####.       1%          2    None
c - Dazzling Spray        Conj/Hex       ####..       1%          3    None
d - Iskenderun's Mystic   Conj           #####...     1%          4    ###....


Dungeon Overview and Level Annotations

Branches:
Dungeon (9/15)             Temple (1/1) D:4            Lair (2/6) D:9
  Swamp (0/4) Lair:2       Spider (0/4) Lair:2          Orc (0/2) D:9

Altars:
Cheibriados
Dithmenos
Elyvilon
Hepliaklqana
Kikubaaqudgha
Okawaru
Pakellas
Qazlal
Ru
Trog
Uskayaw
Vehumet
The Shining One

Shops:
D:4 [

Annotations:
D:8 happinesssam's ghost, novice HEGl


Innate Abilities, Weirdness & Mutations

You can spit globs of burning liquid.
You can ignite nearby creatures when you spit burning liquid.
Your weird mottled scales are hard. (AC +7)
Your body does not fit into most forms of armour.
You are cold-blooded and may be slowed by cold attacks.


Message History

Press: ? - help, Shift-Dir - straight line, f/p - eight-headed hydra
Aim: an eight-headed hydra (lightly wounded, covered in liquid flames)
The searing ray hits the eight-headed hydra.
The eight-headed hydra is moderately wounded.
The eight-headed hydra burns!
The eight-headed hydra bites you but does no damage.
The eight-headed hydra bites you.
The eight-headed hydra barely misses you.
The eight-headed hydra bites you. The eight-headed hydra bites you! x2
The eight-headed hydra closely misses you.
The eight-headed hydra bites you.
The searing ray hits the eight-headed hydra.
The eight-headed hydra is moderately wounded.
The eight-headed hydra burns!
The eight-headed hydra bites you. The eight-headed hydra bites you! x2
* * * LOW HITPOINT WARNING * * *
The eight-headed hydra bites you!!
* * * LOW HITPOINT WARNING * * *
The eight-headed hydra bites you!
You die...

.#.#.....#....##......
#.#...............#... #
##.#.....#####...P....
.##.#.....# ##...PP...
##..#......## #....#....
..##..P.....###.....#...
...................##...
........................
.......@...............ยง
.......D...........##...
#..........####P........
#........#######...#####
..P#.....P...##......
.....................
...P............
....#....#.P##PP
.#.##...##### .


You could see an eight-headed hydra (burning).

Vanquished Creatures
  A black mamba (Lair:1)
  A spiny frog (Lair:1)
  A gargoyle (D:9)
  3 komodo dragons
  A troll (D:9)
  Grinder (D:5)
  A polar bear (Lair:2)
  Sigmund (D:4)
  8 yaks
  A wyvern (Lair:2)
  Eustachio (D:4)
  Grum (D:9)
  Edmund (D:4)
  3 hippogriffs
  A water moccasin (Lair:1)
  12 porcupines
  6 orc warriors
  5 sky beasts
  3 black bears (D:9)
  A necrophage (D:9)
  An ice beast (D:5)
  5 wolves
  6 centaurs
  4 ogres
  2 crocodiles (Lair:2)
  2 big kobolds
  7 giant frogs
  5 scorpions
  13 killer bees
  4 wights
  6 howler monkeys
  An electric eel (Lair:1)
  A giant frog zombie (D:5)
  A crimson imp (D:6)
  A quasit (D:6)
  A centaur zombie (D:7)
  6 hounds
  A wasp zombie (D:9)
  2 jellies (D:7)
  8 orc priests
  11 orc wizards
  2 giant frog skeletons
  4 iguanas
  3 worker ants
  A hell rat (D:9)
  2 killer bee zombies
  13 sheep
  3 hound zombies
  4 gnolls (D:3)
  20 adders
  12 river rats (Lair:1)
  2 shadow imps (D:8)
  2 oozes
  An adder skeleton (D:4)
  5 worms
  A dart slug (D:3)
  5 giant geckos
  43 orcs
  5 ball pythons
  6 bats
  2 giant cockroaches
  8 goblins
  14 hobgoblins
  13 jackals
  8 quokkas
  2 giant newts (D:4)
  19 kobolds
  A quokka skeleton (D:9)
  11 rats
353 creatures vanquished.

Vanquished Creatures (others)
  3 river rats (Lair:1)
  2 fungi (Lair:1)
  A plant (Lair:2)
6 creatures vanquished.

Grand Total: 359 creatures vanquished

Notes
Turn   | Place    | Note
-------+----------+-------------------------------------------
     0 | D:1      | mrath the Draconian Conjurer began the quest for the Orb.
     0 | D:1      | Reached XP level 1. HP: 14/14 MP: 3/3
   418 | D:1      | Reached XP level 2. HP: 20/20 MP: 0/5
   477 | D:1      | Learned a level 2 spell: Searing Ray
  1133 | D:1      | Reached XP level 3. HP: 26/26 MP: 2/6
  2207 | D:2      | Reached XP level 4. HP: 33/33 MP: 3/8
  2348 | D:2      | Reached skill level 5 in Conjurations
  2990 | D:3      | Found a hazy altar of Hepliaklqana.
  3499 | D:3      | Reached XP level 5. HP: 38/38 MP: 6/10
  4334 | D:3      | Learned a level 3 spell: Dazzling Spray
  4553 | D:3      | Reached XP level 6. HP: 43/45 MP: 3/12
  4857 | D:3      | Found an iron altar of Okawaru.
  4857 | D:3      | Found a sacrificial altar of Ru.
  4890 | D:3      | Reached skill level 5 in Spellcasting
  5008 | D:3      | Learned a level 4 spell: Iskenderun's Mystic Blast
  5291 | D:4      | Found Geiruvug's Armour Shoppe.
  5335 | D:4      | Noticed Sigmund
  5559 | D:4      | Reached skill level 6 in Conjurations
  5559 | D:4      | Your scales start taking on a weird mottled colour.
  5559 | D:4      | Reached XP level 7. HP: 51/51 MP: 7/14
  5591 | D:4      | Noticed Edmund
  5690 | D:4      | Reached skill level 1 in Fighting
  5696 | D:4      | Noticed Eustachio
  5737 | D:4      | Reached skill level 1 in Evocations
  5891 | D:4      | Killed Sigmund
  6048 | D:3      | Found a radiant altar of Vehumet.
  6059 | D:3      | Became a worshipper of Vehumet
  6431 | D:4      | Killed Eustachio
  6431 | D:4      | Reached XP level 8. HP: 57/62 MP: 3/16
  6778 | D:4      | Killed Edmund
  6834 | D:4      | Found a staircase to the Ecumenical Temple.
  6864 | D:5      | Entered Level 5 of the Dungeon
  6895 | D:5      | Found a hide-covered altar of Uskayaw.
  7958 | D:5      | Noticed Grinder
  7963 | D:5      | Paralysed by Grinder for 5 turns
  7971 | D:5      | Killed Grinder
  7971 | D:5      | Reached skill level 7 in Conjurations
  8674 | D:5      | Reached XP level 9. HP: 60/71 MP: 9/18
  8892 | Temple   | Entered the Ecumenical Temple
  9052 | D:6      | Found a glowing golden altar of the Shining One.
  9125 | D:6      | Found a glowing golden altar of the Shining One.
 10127 | D:6      | Reached * piety under Vehumet
 10127 | D:6      | Offered knowledge of Sandblast by Vehumet.
 10371 | D:6      | Found a snail-covered altar of Cheibriados.
 10699 | D:7      | Reached skill level 5 in Fighting
 10973 | D:7      | Found a stormy altar of Qazlal.
 10997 | D:7      | Reached skill level 5 in Stealth
 11148 | D:7      | Found a white marble altar of Elyvilon.
 11498 | D:8      | Noticed happinesssam's ghost (novice HEGl)
 11663 | D:8      | Got a warped flail
 11664 | D:8      | Identified the +10 flail of Abuse {antimagic, rPois SInv Stlth+} (You found it on level 8 of the Dungeon)
 11764 | D:7      | Reached skill level 5 in Dodging
 12372 | D:8      | Reached XP level 10. HP: 82/82 MP: 13/20
 12395 | D:8      | Offered knowledge of Shock by Vehumet.
 12471 | D:8      | Reached ** piety under Vehumet
 12622 | D:8      | Reached skill level 5 in Evocations
 12686 | D:8      | Found an ancient bone altar of Kikubaaqudgha.
 12725 | D:8      | Reached skill level 8 in Conjurations
 12950 | D:8      | Found an oddly glowing altar of Pakellas.
 13075 | D:8      | Found a shadowy altar of Dithmenos.
 13612 | D:9      | Noticed a gargoyle
 13746 | D:9      | Noticed Grum
 14066 | D:9      | Offered knowledge of Inner Flame by Vehumet.
 14418 | D:9      | Found a staircase to the Lair.
 14807 | D:9      | Found a bloodstained altar of Trog.
 14981 | D:9      | Killed a gargoyle
 15455 | D:9      | Reached *** piety under Vehumet
 15595 | D:9      | Killed Grum
 15938 | D:9      | Offered knowledge of Ignite Poison by Vehumet.
 16171 | D:9      | Found a staircase to the Orcish Mines.
 16351 | Lair:1   | Entered Level 1 of the Lair of Beasts
 16351 | Lair:1   | Noticed a black mamba
 16533 | Lair:1   | Killed a black mamba
 16533 | Lair:1   | Reached XP level 11. HP: 35/91 MP: 16/22
 17250 | Lair:1   | Found a stormy altar of Qazlal.
 17332 | Lair:1   | Got an ancient great mace
 17340 | Lair:1   | Reached **** piety under Vehumet
 17855 | Lair:1   | Offered knowledge of Static Discharge by Vehumet.
 18747 | Lair:1   | Reached skill level 9 in Conjurations
 19178 | Lair:2   | Found a hole to the Spider Nest.
 20720 | Lair:2   | Found a staircase to the Swamp.
 20949 | Lair:2   | Noticed an eight-headed hydra
 20978 | Lair:2   | HP: 4/94 [eight-headed hydra (18)]
 20978 | Lair:2   | Mangled by an eight-headed hydra

Vault maps used:
D:1:      shiori_angband_town, minivault_27, item_on_display_a
D:2:      kennysheep_cross_room
D:3:      lemuel_doored_altar, nicolae_overflow_hidden_temple,
          gammafunk_temple_overflow_elements, lightli_sewer_entry_pipes,
          kennysheep_nondescript
D:4:      serial_shops, shop, uniq_sigmund, uniq_edmund, uniq_eustachio
D:5:      eat_drink_and_be_merry_uskayaw, first_bread, minmay_liquid_box,
          uniq_grinder
D:6:      tso_metal_star, cheibrodos_worm_habitat, basic_altar, st_stairs_11
D:7:      lemuel_coloured_pillars_altar, kennysheep_mini
D:8:      lemuel_crystal_altar, grunt_pakellas_basics,
          nicolae_overflow_crystal_walls
D:9:      trog_ov_bears_minmay, dpeg_lair_monsters, david_orc_4, uniq_grum
Temple:   kb_corrupted_temple
Lair:1:   basic_altar, cheibrodos_lair_reptile_den, grunt_megastairs_4,
          infiniplex_staircase_pool
Lair:2:   regret_index_bee_streams, swamp_mist, spider_nest_entry_web_field,
          serial_bayou_ford_a, beast_lair_carwin_1

Skill      XL: |  1  2  3  4  5  6  7  8  9 10 11 |
---------------+----------------------------------+-----
Spellcasting   | 3 4 5 6 7 8 |  8.4
Conjurations   | 5 6 7 8 9 |  9.2
Stealth        | 2 3 4 5 6 7 |  7.2
Dodging        | 2 3 5 6 7 |  7.0
Fighting       | 2 4 5 6 7 |  7.8
Evocations     | 2 3 4 6 7 |  7.2

Action                   |  1- 3 |  4- 6 |  7- 9 | 10-12 || total
-------------------------+-------+-------+-------+-------++-------
Melee: Club              |    16 |       |       |       ||    16
       Tailslap          |     2 |     8 |     7 |    11 ||    28
       Short sword       |    10 |    55 |    21 |       ||    86
       Flail             |       |       |    39 |   153 ||   192
 Fire: Blowgun           |       |       |     2 |       ||     2
 Cast: Magic Dart        |    80 |   116 |    69 |    79 ||   344
       Searing Ray       |     2 |    20 |    81 |   111 ||   214
       Dazzling Spray    |       |       |     5 |    11 ||    16
       Iskenderun's Myst |       |       |     3 |       ||     3
 Abil: Breathe Sticky Fl |       |       |     6 |     2 ||     8
  Use: Scroll            |       |     8 |     5 |     3 ||    16
       Potion            |       |       |       |     1 ||     1
 Stab: Sleeping          |       |     1 |     1 |       ||     2
  Eat: Chunk             |     5 |    10 |    22 |    24 ||    61
       Fruit             |       |     1 |     1 |     2 ||     4
Armor: Skin              |    15 |    63 |    67 |   106 ||   251
Dodge: Dodged            |    34 |   107 |   106 |   376 ||   623
